 Dungeon Crawl Stone Soup version 0.20-a0-463-g5747544 (webtiles) character file.

7091 towersofbeng the Carver (level 10, 0/77 HPs)
             Began as a Demonspawn Fighter on Jan 11, 2017.
             Was a Priest of Kikubaaqudgha.
             Succumbed to Grum's poison
             ... on level 8 of the Dungeon.
             The game lasted 00:30:35 (9328 turns).

towersofbeng the Carver (Demonspawn Fighter)        Turns: 9328, Time: 00:30:36

Health: 0/77       AC: 26    Str: 19    XL:     10   Next: 84%
Magic:  20/20      EV:  2    Int: 10    God:    Kikubaaqudgha [***...]
Gold:   777        SH: 14    Dex: 13    Spells: 6/9 levels left

rFire  + . .     SeeInvis .     A - +1 scimitar (flame)
rCold  + . .     Gourm    .     b - +1 crystal plate armour
rNeg   . . .     Faith    .     c - +0 shield
rPois  +         Spirit   .     t - +0 helmet
rElec  +         Reflect  +     p - +0 cloak
rCorr  +         Harm     .     (no gloves)
MR     .....                    i - +1 pair of boots
Stlth  ..........               j - +3 amulet of reflection
                                (no ring)
                                J - ring of magical power

@: lethally poisoned (0 -> -2), resistant, very slightly contaminated, hasted,
very quick
A: hooves 2, thin metallic scales 2
a: Receive Corpses, Renounce Religion


You were on level 8 of the Dungeon.
You worshipped Kikubaaqudgha.
Kikubaaqudgha was most pleased with you.
You were not hungry.

You visited 1 branch of the dungeon, and saw 8 of its levels.
You also visited: Sewer and Bailey.

You collected 777 gold pieces.

Inventory:

Hand Weapons
 a - a +1 long sword
 A - a +1 scimitar of flaming (weapon)
 H - a +3 arbalest
Missiles
 z - 2 poisoned javelins (quivered)
 L - 25 bolts
Armour
 b - a +1 crystal plate armour (worn)
 c - a +0 shield (worn)
 d - the +3 leather armour of the Wheelwright {rN+ rCorr SInv}
   (You found it in a bailey)

   It protects you from negative energy.
   It lets you see invisible.
   It protects you from acid and corrosion.
 i - a +1 pair of boots (worn)
 n - a +0 buckler
 p - a +0 cloak (worn)
 t - a +0 helmet (worn)
 u - a +5 chain mail
Magical Staves
 x - an uncursed staff of wizardry
Jewellery
 j - a +3 amulet of reflection (around neck)
 w - an uncursed amulet of the gourmand
 I - an uncursed amulet of regeneration
 J - a ring of magical power (left hand)
Wands
 m - a wand of iceblast (1/15)
 s - a wand of paralysis (3/24)
 y - a wand of confusion (8/48)
 C - a wand of acid (8/15)
Scrolls
 q - 4 scrolls of remove curse
 v - a scroll of recharging
 D - 5 scrolls of fear
 E - a scroll of teleportation
 F - 2 scrolls of amnesia
Potions
 e - 4 potions of flight
 B - 2 potions of brilliance
 K - a potion of cancellation
Books
 r - a Fen Folio

   Spells                             Type                      Level
   a - Corpse Rot                     Necromancy                   2
   b - Stone Arrow                    Conjuration/Earth            3
   c - Leda's Liquefaction            Hexes/Earth                  4
   d - Summon Forest                  Summoning/Translocation      5
   e - Hydra Form                     Transmutation                6
   f - Summon Hydra                   Summoning                    7
 G - Kikubaaqudgha's Collected Works on Darkness
   (Kikubaaqudgha gifted it to you in a sewer)

   Spells                             Type                      Level
   a - Pain                           Necromancy                   1
   b - Corpse Rot                     Necromancy                   2
   c - Sublimation of Blood           Necromancy                   2
   d - Regeneration                   Charms/Necromancy            3
   e - Control Undead                 Necromancy                   4
 M - Kikubaaqudgha's Incunabulum of Black Secrets
   (Kikubaaqudgha gifted it to you on level 8 of the Dungeon)

   Spells                             Type                      Level
   a - Bolt of Draining               Conjuration/Necromancy       5
   b - Agony                          Necromancy                   5
   c - Cigotuvi's Embrace             Necromancy                   5
   d - Dispel Undead                  Necromancy                   5
   e - Simulacrum                     Ice/Necromancy               6
Comestibles
 f - 6 bread rations
 g - 7 meat rations
 k - 5 fruits
 N - 6 beef jerkies
 O - a royal jelly
 Q - 3 chunks of flesh


   Skills:
 + Level 6.4 Fighting
 + Level 9.2 Long Blades
 + Level 0.1 Throwing
 * Level 6.3 Armour
 + Level 3.3 Dodging
 - Level 0.2 Stealth
 + Level 9.2 Shields
 - Level 2.1 Evocations


You had 6 spell levels left.
You knew the following spells:

 Your Spells              Type           Power        Failure   Level  Hunger
a - Pain                  Necr           #...         100%        1    ##.....
b - Corpse Rot            Necr           N/A          100%        2    ###....


Dungeon Overview and Level Annotations

Branches:
Dungeon (8/15)             Temple (0/1) D:6            Lair (0/6) D:8

Altars:
Kikubaaqudgha
Makhleb
Xom

Shops:
D:8 :


Innate Abilities, Weirdness & Mutations

You have hoof-like feet.
You are mostly covered in thin metallic scales. (AC +3)


Message History

* * * LOW HITPOINT WARNING * * *
You feel sick.
You are very lightly contaminated with residual magic.
* * * LOW HITPOINT WARNING * * *
You feel sick.
Put on which piece of jewellery? (? for menu, Esc to quit)
Okay, then.
Put on which piece of jewellery? (? for menu, Esc to quit)
Okay, then.
Number of times to repeat, then command key: You must enter the number of times for the command to repeat.
* * * LOW HITPOINT WARNING * * *
You feel sick.
Found a club.
* * * LOW HITPOINT WARNING * * *
You feel sick.
Found a scroll of teleportation.
Unknown command.
You die...
Kikubaaqudgha rasps: "You have failed me!
Welcome... death!"

#.####.####.
........... #........#
#........#
########........#
............)...#
.#...#................#
.#...#..........@...?.#
.#...#................#
.#...+................#
.#...#......).#########
.#...#........#
.#...#........#
.#<..#........#
.#...#........#
.'...#.......$#


There were no monsters in sight!

Vanquished Creatures
  Erica (D:8)
  4 orc knights (Bailey)
  Grinder (D:3)
  Sigmund (D:2)
  Eustachio (D:5)
  Grum (D:8)
  A hungry ghost (D:7)
  A water moccasin (D:5)
  4 orc warriors
  A phantom (D:4)
  A sky beast (D:6)
  2 ice beasts
  A centaur (D:8)
  6 ogres
  3 wolves (D:8)
  6 bullfrogs
  2 big kobolds
  Blork the orc (D:5)
  3 scorpions
  A howler monkey (D:7)
  2 bullfrog zombies
  2 crimson imps
  A centaur zombie (D:6)
  A jelly (D:6)
  3 hounds
  Crazy Yiuf (D:2)
  A centaur skeleton (D:6)
  9 orc wizards
  Natasha (thrice) (D:3)
  2 iguanas
  2 worker ants
  2 hound skeletons
  A hound zombie (D:7)
  A howler monkey zombie (D:6)
  2 worker ant zombies (D:7)
  Robin (D:3)
  14 adders
  11 oozes
  5 worms
  A dart slug (D:1)
  17 leopard geckos
  28 orcs
  15 giant cockroaches
  14 goblins
  10 hobgoblins
  11 jackals
  2 quokkas
  7 ball pythons
  7 bats
  18 frilled lizards
  A giant cockroach zombie (D:5)
  13 kobolds
  A leopard gecko skeleton (D:5)
  A quokka skeleton (D:8)
  8 rats
260 creatures vanquished.

Vanquished Creatures (others)
  2 orc warriors (Bailey)
  A centaur (D:8)
  An orc (Bailey)
4 creatures vanquished.

Grand Total: 264 creatures vanquished

Notes
Turn   | Place    | Note
-------+----------+-------------------------------------------
     0 | D:1      | towersofbeng the Demonspawn Fighter began the quest for the Orb.
     0 | D:1      | Reached XP level 1. HP: 18/18 MP: 1/1
   188 | D:1      | Gained mutation: You have large cloven feet. [demonic ancestry]
   188 | D:1      | Reached XP level 2. HP: 18/24 MP: 2/2
   472 | D:1      | Reached XP level 3. HP: 20/29 MP: 3/3
  1070 | D:2      | Found a shimmering altar of Xom.
  1391 | D:2      | Gained mutation: You have hoof-like feet. [demonic ancestry]
  1391 | D:2      | Reached XP level 4. HP: 35/35 MP: 4/4
  2320 | D:2      | Reached skill level 1 in Dodging
  2391 | D:2      | Noticed Sigmund
  2403 | D:2      | Killed Sigmund
  2403 | D:2      | Reached XP level 5. HP: 32/41 MP: 5/5
  2403 | D:2      | Reached XP level 6. HP: 36/47 MP: 6/6
  2410 | D:2      | Found a shimmering altar of Xom.
  2412 | D:2      | Found a shimmering altar of Xom.
  2424 | D:2      | Found a shimmering altar of Xom.
  2686 | D:2      | Found a runed door.
  2690 | D:2      | Noticed Crazy Yiuf
  2736 | D:2      | Killed Crazy Yiuf
  3247 | D:3      | Paralysed by a goblin for 6 turns
  3252 | D:3      | Noticed Robin
  3266 | D:3      | Killed Robin
  3442 | D:3      | Noticed Grinder
  3446 | D:3      | Paralysed by Grinder for 7 turns
  3455 | D:3      | Killed Grinder
  3455 | D:3      | Reached skill level 1 in Evocations
  3455 | D:3      | Gained mutation: You are partially covered in thin metallic scales. (AC +2) [demonic ancestry]
  3455 | D:3      | Reached XP level 7. HP: 22/54 MP: 6/8
  3636 | D:3      | Noticed Natasha
  3655 | D:3      | Killed Natasha
  3676 | D:3      | Noticed Natasha
  3689 | D:3      | Killed Natasha
  4014 | D:3      | Noticed Natasha
  4022 | D:3      | Killed Natasha
  4526 | D:4      | Found a burning altar of Makhleb.
  4696 | D:5      | Entered Level 5 of the Dungeon
  4699 | D:5      | Noticed Blork the orc
  4724 | D:5      | Killed Blork the orc
  4748 | D:5      | Reached skill level 5 in Long Blades
  4748 | D:5      | Reached skill level 5 in Shields
  4823 | D:5      | Reached XP level 8. HP: 51/60 MP: 9/9
  5203 | D:5      | Noticed Eustachio
  5228 | D:5      | Killed Eustachio
  5300 | D:5      | Found an ancient bone altar of Kikubaaqudgha.
  5768 | D:5      | Became a worshipper of Kikubaaqudgha
  6125 | D:6      | Found a glowing drain.
  6131 | Sewer    | Entered a sewer
  6260 | Sewer    | Reached * piety under Kikubaaqudgha
  6260 | Sewer    | Identified Kikubaaqudgha's Collected Works on Darkness (Kikubaaqudgha gifted it to you in a sewer)
  6260 | Sewer    | Received a gift from Kikubaaqudgha
  6279 | Sewer    | Learned a level 1 spell: Pain
  6282 | Sewer    | Learned a level 2 spell: Corpse Rot
  6578 | Sewer    | Reached XP level 9. HP: 67/67 MP: 10/10
  6853 | D:6      | Reached skill level 5 in Fighting
  6882 | D:6      | Reached ** piety under Kikubaaqudgha
  7059 | D:6      | Found a staircase to the Ecumenical Temple.
  7597 | D:7      | Reached skill level 5 in Armour
  8172 | D:8      | Found a staircase to the Lair.
  8198 | D:8      | Noticed Erica
  8243 | D:8      | Killed Erica
  8243 | D:8      | Gained mutation: You are mostly covered in thin metallic scales. (AC +3) [demonic ancestry]
  8243 | D:8      | Reached XP level 10. HP: 41/76 MP: 11/11
  8283 | D:8      | Found a flagged portal.
  8293 | Bailey   | Entered a bailey
  8294 | Bailey   | Noticed an orc knight
  8296 | Bailey   | Noticed an orc knight
  8296 | Bailey   | Noticed an orc knight
  8314 | Bailey   | Killed an orc knight
  8316 | Bailey   | Killed an orc knight
  8342 | Bailey   | Killed an orc knight
  8518 | Bailey   | Noticed an orc knight
  8733 | Bailey   | Killed an orc knight
  8954 | Bailey   | Got a scorched leather armour
  8973 | Bailey   | Identified the +3 leather armour of the Wheelwright {rN+ rCorr SInv} (You found it in a bailey)
  9019 | D:8      | Reached *** piety under Kikubaaqudgha
  9019 | D:8      | Identified Kikubaaqudgha's Incunabulum of Black Secrets (Kikubaaqudgha gifted it to you on level 8 of the Dungeon)
  9019 | D:8      | Received a gift from Kikubaaqudgha
  9078 | D:8      | Found Kufef's Book Shoppe.
  9272 | D:8      | Noticed Grum
  9302 | D:8      | Killed Grum
  9317 | D:8      | HP: 3/77 [poisoned by Grum]
  9322 | D:8      | HP: 2/77 [poisoned by Grum]
  9328 | D:8      | Succumbed to Grum's poison

Vault maps used:
D:1:      saegor_arrival_simple_e
D:2:      xom_redecorated, first_bread, uniq_sigmund, uniq_crazy_yiuf_cottage
D:3:      uniq_natasha, uniq_grinder, uniq_robin
D:4:      kennysheep_little_box
D:5:      lemuel_doored_altar, hangedman_decor_slide_cut, uniq_blork_the_orc,
          uniq_eustachio
D:6:      lightli_sewer_entry_pipes
D:7:      corexii_corridor_pit
D:8:      lemuel_coloured_pillars_altar, old_standard_altar, lair_entry_dummy,
          serial_shops, kennysheep_mini, enter_bailey_2, grunt_ogre_cave,
          uniq_grum, uniq_erica, uniq_psyche
Sewer:    sewer_frog_island_02
Bailey:   bailey_polearm_4, bailey

Skill      XL: |  1  2  3  4  5  6  7  8  9 10 |
---------------+-------------------------------+-----
Shields        | 3 4 5 6 7 9 |  9.2
Long Blades    | 2 3 5 6 8 9 |  9.2
Armour         | 3 4 5 6 |  6.3
Dodging        | 1 2 3 |  3.3
Fighting       | 4 5 6 |  6.4
Evocations     | 1 2 |  2.1
Throwing       | |  0.1
Stealth        | |  0.2

Action                   |  1- 3 |  4- 6 |  7- 9 | 10-12 || total
-------------------------+-------+-------+-------+-------++-------
Melee: Long sword        |   130 |   157 |   801 |     8 ||  1096
       Kick              |    23 |    28 |    87 |       ||   138
       Scimitar          |       |       |       |    89 ||    89
Throw: Javelin           |       |       |       |     3 ||     3
Evoke: Wand              |       |     1 |       |    10 ||    11
  Use: Scroll            |     6 |     3 |     8 |     3 ||    20
       Potion            |     1 |     4 |     3 |     7 ||    15
  Eat: Chunk             |     1 |     8 |    18 |     3 ||    30
       Royal jelly       |       |       |     1 |       ||     1
       Beef jerky        |       |       |     1 |       ||     1
Armor: Scale mail        |    82 |    64 |       |       ||   146
       Chain mail        |       |    10 |   453 |    15 ||   478
       Crystal plate arm |       |       |       |    89 ||    89
Dodge: Dodged            |    56 |    47 |   176 |    21 ||   300
Block: Shield            |   100 |   100 |   534 |   177 ||   911
       Reflection        |       |     2 |     3 |    15 ||    20
       Rpst.: Long sword |    15 |    17 |    44 |     1 ||    77
       Scimitar          |       |       |       |     3 ||     3
